 Dungeon Crawl Stone Soup version 0.19.4-9-g45fd643 (console) character file.

158 Grinner the Twirler (level 5, 0/42 HPs)
             Began as a Minotaur Gladiator on Feb 21, 2017.
             Was an Initiate of Qazlal.
             Succumbed to a kobold's poison
             ... on level 3 of the Dungeon.
             The game lasted 00:03:09 (1817 turns).

Grinner the Twirler (Minotaur Gladiator)            Turns: 1817, Time: 00:03:10

Health: 0/42       AC:  6    Str: 28    XL:     5   Next: 16%
Magic:  4/4        EV: 18    Int: 10    God:    Qazlal [......]
Gold:   115        SH:  0    Dex: 16    Spells: 0 memorised, 4 levels left

rFire  . . .     SeeInvis .     a - +0 quarterstaff
rCold  + . .     Gourm    .     t - +0 ring mail {rC+}
rNeg   . . .     Faith    .     (shield currently unavailable)
rPois  .         Spirit   .     c - +0 hat
rElec  .         Reflect  .     (no cloak)
rCorr  .         Harm     .     (no gloves)
MR     .....                    (no boots)
Stlth  ++........               (no amulet)
                                (no ring)
                                p - +3 ring of strength

@: mighty, brilliant, agile, lethally poisoned (0 -> -7), very slightly
contaminated, invisible
A: retaliatory headbutt, horns 2, shaggy fur 1
a: Renounce Religion


You were on level 3 of the Dungeon.
You worshipped Qazlal.
Qazlal was noncommittal.
You were not hungry.

You visited 1 branch of the dungeon, and saw 3 of its levels.

You collected 115 gold pieces.

Inventory:

Hand Weapons
 a - a +0 quarterstaff (weapon)
Missiles
 d - 3 throwing nets (quivered)
Armour
 c - a +0 hat (worn)
 t - a +0 ring mail of cold resistance (worn)
Jewellery
 p - a +3 ring of strength (left hand)
Scrolls
 b - a scroll of magic mapping {unknown}
 e - 3 scrolls of enchant armour {unknown}
 h - 3 scrolls of remove curse {unknown}
 i - 4 scrolls of random uselessness {unknown}
 j - 4 scrolls of recharging {unknown}
 k - 2 scrolls of identify {unknown}
 n - a scroll of blinking {unknown}
Comestibles
 f - a bread ration
 l - 4 fruits
 m - 2 slices of pizza
 q - a beef jerky


   Skills:
 - Level 2.4 Fighting
 + Level 7.1 Staves
 - Level 2.0 Throwing
 - Level 3.2 Dodging


You had 4 spell levels left.
You didn't know any spells.

Dungeon Overview and Level Annotations

Branches:
Dungeon (3/15)

Altars:
Makhleb
Okawaru
Qazlal
The Shining One


Innate Abilities, Weirdness & Mutations

You reflexively headbutt those who attack you in melee.
You have a pair of horns on your head.
You are covered in fur. (AC +1)


Message History

The frilled lizard hisses angrily.
Your headbutt misses the frilled lizard.
* * * LOW HITPOINT WARNING * * *
You feel sick.
You barely miss the frilled lizard.
* * * LOW HITPOINT WARNING * * *
You feel sick. The frilled lizard closely misses you.
You strike the helpless frilled lizard from behind!
You sock the frilled lizard!
You kill the frilled lizard!
Qazlal accepts your kill.
* * * LOW HITPOINT WARNING * * *
You feel sick.
* * * LOW HITPOINT WARNING * * *
You feel sick.
* * * LOW HITPOINT WARNING * * *
You feel sick.
* * * LOW HITPOINT WARNING * * *
You feel sick.
You die...

.....#
#.#.......# #.#
#.. ......
#.........#####
#.# #.. ......
.#......[......
..# #..
..........#..##
###
........†.##.###
...............#
............#..#
.#.........#_#
......<@....#..
###.............
#####.........
#..#.#####
#..#.# ......
##.###. #.# ..


There were no monsters in sight!

Vanquished Creatures
  2 orc priests (D:3)
  5 adders
  An ooze (D:2)
  A leopard gecko (D:3)
  5 orcs (D:3)
  A ball python (D:2)
  3 bats
  3 giant cockroaches
  4 goblins
  5 hobgoblins
  3 jackals (D:3)
  4 frilled lizards
  5 kobolds
  5 rats
47 creatures vanquished.

Notes
Turn   | Place    | Note
-------+----------+-------------------------------------------
     0 | D:1      | Grinner the Minotaur Gladiator began the quest for the Orb.
     0 | D:1      | Reached XP level 1. HP: 18/18 MP: 0/0
    93 | D:1      | Reached skill level 4 in Staves
    99 | D:1      | Reached XP level 2. HP: 23/25 MP: 1/1
   563 | D:2      | Reached skill level 5 in Staves
   822 | D:2      | Gained mutation: You are covered in fur. (AC +1) [potion of beneficial mutation]
   827 | D:2      | Reached XP level 3. HP: 8/30 MP: 2/2
  1095 | D:2      | Found a burning altar of Makhleb.
  1098 | D:2      | Found a stormy altar of Qazlal.
  1101 | D:2      | Found an iron altar of Okawaru.
  1115 | D:2      | Found a glowing golden altar of the Shining One.
  1134 | D:2      | Became a worshipper of Qazlal Stormbringer
  1624 | D:3      | Reached skill level 6 in Staves
  1624 | D:3      | Reached XP level 4. HP: 26/37 MP: 3/3
  1739 | D:3      | Reached skill level 7 in Staves
  1739 | D:3      | Reached XP level 5. HP: 36/42 MP: 4/4
  1802 | D:3      | Found a faded altar of an unknown god.
  1815 | D:3      | HP: 2/42 [poisoned by a kobold]
  1817 | D:3      | Succumbed to a kobold's poison

Skill      XL: |  1  2  3  4 |
---------------+-------------+-----
Staves         | 4 5 6 7 |  7.1
Fighting       | |  2.4
Throwing       | |  2.0
Dodging        | |  3.2

Action                   |  1- 3 |  4- 6 || total
-------------------------+-------+-------++-------
Melee: Quarterstaff      |    57 |    35 ||    92
       Headbutt          |     9 |     5 ||    14
  Use: Potion            |     2 |     5 ||     7
 Stab: Invisible         |       |     1 ||     1
  Eat: Chunk             |     2 |     1 ||     3
Armor: Leather armour    |    16 |       ||    16
       Skin              |     6 |       ||     6
       Ring mail         |       |     4 ||     4
Dodge: Dodged            |    31 |    19 ||    50
